 Dungeon Crawl Stone Soup version 0.30.0-10-gfe55d96785 (webtiles) character file.

Game seed: 1191095114214834092

425 Twinkles the Chopper (level 6, -3/56 HPs)
             Began as a Hill Orc Fighter on May 15, 2023.
             Killed from afar by Dowan (23 damage)
             ... with a shard of ice
             ... on level 4 of the Dungeon.
             The game lasted 00:09:44 (3195 turns).

Twinkles the Chopper (Hill Orc Fighter)             Turns: 3195, Time: 00:09:45

Health: -3/56      AC:  9    Str: 21    XL:     6   Next: 96%
Magic:  6/6        EV:  9    Int:  8    God:
Gold:   257        SH:  4    Dex: 10    Spells: 5/5 levels left

rFire   . . .        a - +0 war axe
rCold   . . .        c - +0 buckler
rNeg    . . .        b - +0 scale mail
rPois   +            (no helmet)
rElec   .            p - +0 cloak
rCorr   .            (no gloves)
SInv    .            t - +0 pair of boots
Will    .....        y - amulet of Pyg Ceroafu {Acrobat Fly rPois} Stlth
                     (no ring)
HPRegen 0.29/turn    (no ring)
MPRegen 0.10/turn

%: acrobat
@: flying
A: no striking features
a: no special abilities


You were on level 4 of the Dungeon.
You visited 1 branch of the dungeon, and saw 4 of its levels.

You collected 257 gold pieces.

Inventory:

Hand Weapons
 a - a +0 war axe (weapon)
Missiles
 f - a throwing net
 s - 6 poisoned darts (quivered)
Armour
 b - a +0 scale mail (worn)
 c - a +0 buckler (worn)
 n - the +1 leather armour "Dusukhle" {rCorr SInv}
   (You found it on level 2 of the Dungeon)

   SInv:      It lets you see invisible.
   rCorr:     It protects you from acid and corrosion.
 p - a +0 cloak (worn)
 t - a +0 pair of boots (worn)
Jewellery
 y - the amulet of Pyg Ceroafu (around neck) {Acrobat Fly rPois}
   (You found it on level 4 of the Dungeon)

   [amulet of the acrobat]

   It increases your evasion while moving and waiting.
   rPois:     It protects you from poison.
   Fly:       It grants you flight.
 z - an amulet of guardian spirit
Wands
 o - a wand of roots (10)
Scrolls
 e - a scroll of fear {unknown}
 g - 2 scrolls of enchant armour {unknown}
 h - a scroll of teleportation {unknown}
 i - a scroll of butterflies {unknown}
 k - a scroll of enchant weapon {unknown}
 m - 3 scrolls of blinking {unknown}
 q - a scroll of poison {unknown}
 w - 3 scrolls of noise {unknown}
 x - a scroll of identify {unknown}
Potions
 d - 2 potions of ambrosia {unknown}
 j - a potion of mutation {unknown}
 l - 2 potions of lignification {unknown}
 r - a potion of haste {unknown}
 u - 2 potions of heal wounds {unknown}
 v - a potion of magic {unknown}
 A - 2 potions of degeneration {unknown}


   Skills:
 + Level 5.4 Fighting
 * Level 6.9 Axes
 + Level 5.0 Armour
 - Level 3.3 Shields


You had 5 spell levels left.
You didn't know any spells.
Your spell library contained the following spells:

 Spells                   Type           Power      Damage    Failure   Level
 Freeze                   Ice            0%         1d3       80%         1
 Sting                    Tmut/Pois      0%         1d3       80%         1
 Poisonous Vapours        Pois/Air       0%         N/A       91%         2
 Frozen Ramparts          Ice            0%         1d1       99%         3
 Hailstorm                Conj/Ice       0%         3d3       99%         3
 Olgreb's Toxic Radiance  Pois           0%         N/A       100%        4


Dungeon Overview and Level Annotations

Branches:
Dungeon (4/15) Zot: 20692
 Temple: D:4-7

Altars:
Gozag
Kikubaaqudgha
Makhleb

Annotations:
D:4 Dowan


Message History

Duvessa hits you with a +0 rapier. x2
You closely miss Duvessa.
Duvessa is heavily wounded.
Duvessa hits you with a +0 rapier!
You hit Duvessa.
Duvessa is severely wounded.
Duvessa barely misses you.
You hit Duvessa.
Duvessa is severely wounded.
You block Duvessa's attack.
You hit Duvessa.
Duvessa is almost dead.
Duvessa hits you with a +0 rapier. Duvessa barely misses you.
You closely miss Duvessa.
Duvessa is almost dead.
You block Duvessa's attack.
You closely miss Duvessa.
Duvessa is almost dead.
Duvessa hits you with a +0 rapier.
You barely miss Duvessa.
Duvessa is almost dead.
Duvessa hits you with a +0 rapier.
You slash Duvessa!
You kill Duvessa!
You hear a distant wail of despair.
Dowan, Brother of Duvessa comes into view.
He is wielding a +0 dagger and wearing a +1 robe of cold resistance.
Your Armour skill increases to level 5!
Dowan shouts!
Dowan seems to find hidden reserves of power!
Dowan casts a spell at you. The stone arrow hits you.
Dowan mumbles some strange words.
Dowan blinks!
Dowan says, "Her death will not be in vain!"
You hit Dowan.
Dowan is lightly wounded.
Dowan hits you but does no damage.
Dowan points at you and mumbles some strange words.
The shard of ice hits you!!
You die...

#.## ##........
#..# ##.........
##.# ##..........
#.## ##...........
#..# #............
#. ### ##.#
#............ ##.
e.# #.##
##........... .e.
#.# #..#
#........... .. #.#
###@## #####.......
#.# #ยง####.e..##
######## #..
#).......>.###
#.##.....#####..###
#.....#### ##...##
###### .......#####
###..####.....
.....##
##...#...... <..#
##......... ..
###.......


You could see Dowan (fast).

Vanquished Creatures
  Edmund (D:4)
  Duvessa (D:4)
  Natasha (D:4)
  Terence (D:3)
  2 orc wizards
  4 adders
  A gnoll (D:1)
  2 dart slugs (D:2)
  A worm (D:3)
  7 orcs
  5 ball pythons
  8 bats
  7 endoplasms
  A giant cockroach (D:4)
  6 hobgoblins
  6 kobolds
  A quokka (D:3)
  4 frilled lizards
  3 goblins (D:3)
  3 rats
65 creatures vanquished.

Notes
Turn   | Place    | Note
-------+----------+-------------------------------------------
     0 | D:1      | Twinkles the Hill Orc Fighter began the quest for the Orb.
     0 | D:1      | Reached XP level 1. HP: 19/19 MP: 1/1
   171 | D:1      | Reached skill level 3 in Axes
   171 | D:1      | Reached XP level 2. HP: 25/27 MP: 2/2
   926 | D:2      | Reached XP level 3. HP: 33/33 MP: 3/3
  1048 | D:2      | Found an ancient bone altar of Kikubaaqudgha.
  1098 | D:2      | Reached skill level 4 in Axes
  1136 | D:2      | Identified the +1 leather armour "Dusukhle" {rCorr SInv}
  1623 | D:3      | Noticed Terence
  1649 | D:3      | Killed Terence
  1650 | D:3      | Reached XP level 4. HP: 22/41 MP: 4/4
  1887 | D:3      | Found a burning altar of Makhleb.
  2141 | D:3      | Reached skill level 5 in Axes
  2141 | D:3      | Reached XP level 5. HP: 47/47 MP: 5/5
  2165 | D:3      | Found an opulent altar of Gozag.
  2167 | D:3      | Found an ancient bone altar of Kikubaaqudgha.
  2533 | D:4      | Identified the amulet of Pyg Ceroafu {Acrobat Fly rPois}
  2546 | D:4      | Noticed Edmund
  2561 | D:4      | Killed Edmund
  2562 | D:4      | Reached skill level 5 in Fighting
  2562 | D:4      | Reached skill level 6 in Axes
  2562 | D:4      | Reached XP level 6. HP: 24/56 MP: 6/6
  3086 | D:4      | Noticed Natasha
  3098 | D:4      | Killed Natasha
  3166 | D:4      | Noticed Duvessa
  3187 | D:4      | Killed Duvessa
  3187 | D:4      | Noticed Dowan
  3188 | D:4      | Reached skill level 5 in Armour
  3188 | D:4      | HP: 18/56 [Dowan/stone arrow (6)]
  3195 | D:4      | Killed from afar by Dowan

Illustrated notes

Levels and vault maps discovered:
D:1:      kennysheep_arrival_seaside, layout_loops_cross, serial_rivers,
          chequers_serial_rivers_small_3, chequers_serial_rivers_large_b,
          chequers_serial_rivers_micro_b, chequers_serial_rivers_micro_c,
          chequers_serial_rivers_small_b, chequers_serial_rivers_room_a
D:2:      layout_basic, basic_altar
D:3:      layout_loops_ring, overflow_temple_1_default, jmf_multi_god_temple,
          nrook_uturn, minmay_misc_feat_rugged, grunt_ministairs_15,
          uniq_terence
D:4:      layout_cave_pods, minivault_24, uniq_natasha, uniq_edmund,
          uniq_eustachio, uniq_duvessa

Skill      XL: |  1  2  3  4  5  6 |
---------------+-------------------+-----
Axes           | 3 4 5 6 |  6.9
Fighting       | 4 5 |  5.4
Armour         | 4 5 |  5.0
Shields        | |  3.3

Action                     |  1- 3 |  4- 6 || total
---------------------------+-------+-------++-------
  Melee: War axe           |   120 |   117 ||   237
  Throw: Throwing net      |       |     1 ||     1
    Use: Potion            |       |     1 ||     1
 Armour: Scale mail        |    77 |    53 ||   130
  Dodge: Dodged            |    69 |    35 ||   104
  Block: Buckler           |    23 |    23 ||    46
